 Dungeon Crawl Stone Soup version 0.29-a0-275-g389c0b56f3 (webtiles) character file.

Game seed: 9577135421876527550

313 Murumi the Skirmisher (level 6, -7/67 HPs)
             Began as an Ogre Gladiator on Mar 10, 2022.
             Was a Believer of Trog.
             Killed from afar by Dowan (25 damage)
             ... with a shard of ice
             ... on level 4 of the Dungeon.
             The game lasted 00:10:58 (4613 turns).

Murumi the Skirmisher (Ogre Gladiator)              Turns: 4613, Time: 00:10:59

Health: -7/67      AC:  5    Str: 19    XL:     6   Next: 43%
Magic:  6/6        EV: 10    Int: 11    God:    Trog [**....]
Gold:   154        SH:  0    Dex: 10    Spells: 5/5 levels left

rFire   . . .      SeeInvis .   j - +1 whip
rCold   . . .      Faith    +   (no shield)
rNeg    . . .      Spirit   .   b - +0 robe
rPois   +          Reflect  .   c - +0 hat
rElec   .          Harm     .   o - +1 cloak {Will+}
rCorr   .          Rampage  .   (gloves unavailable)
Will    +++..                   (boots unavailable)
Stlth   +.........              g - amulet of faith
HPRegen 1.21/turn               k - ring of poison resistance
MPRegen 0.10/turn               (no ring)

@: strong-willed, on berserk cooldown, regenerating, slowed, very slow
A: large, unfitting armour, tough skin 1
a: Renounce Religion, Berserk, Trog's Hand


You were on level 4 of the Dungeon.
You worshipped Trog.
Trog was pleased with you.
You visited 1 branch of the dungeon, and saw 4 of its levels.

You collected 184 gold pieces.
You spent 30 gold pieces at shops.

Inventory:

Hand Weapons
 a - a +0 flail
 j - a +1 whip (weapon)
Missiles
 d - 3 throwing nets
 e - a large rock
 f - 158 stones
 l - 8 poisoned darts (quivered)
Armour
 b - a +0 robe (worn)
 c - a +0 hat (worn)
 o - a +1 cloak of willpower (worn)
Jewellery
 g - an amulet of faith (around neck)
 k - a ring of poison resistance (left hand)
Scrolls
 m - 2 scrolls of teleportation
Potions
 h - a potion of lignification
 i - a potion of resistance
 n - 3 potions of curing
 p - a potion of might {unknown}


   Skills:
 + Level 6.2 Fighting
 - Level 3.0 Maces & Flails
 - Level 4.0 Throwing
 - Level 1.0 Armour
 - Level 3.0 Dodging
 - Level 1.0 Stealth


You had 5 spell levels left.
You didn't know any spells.
Your spell library was empty.

Dungeon Overview and Level Annotations

Branches:
Dungeon (4/15)
 Temple: D:4-7

Altars:
Trog

Shops:
D:1 (

Annotations:
D:4 Dowan


Innate Abilities, Weirdness & Mutations

You are too large for most types of armour.
You have tough skin. (AC +1)


Message History

Your Fighting skill increases to level 6!
You need to enable at least one skill for training.
Training target 4.0 for Throwing reached!
Your Throwing skill increases to level 4!
You need to enable at least one skill for training.
You have reached level 6!
You feel stronger.
Things that are here:
a +0 rapier; a +0 leather armour; the elf corpse of Duvessa You whack the dart slug!
The dart slug is almost dead.
You whack the dart slug!
You kill the dart slug!
Trog accepts your kill.
You are no longer berserk.
You are exhausted.
You feel yourself slow down.
You see here a poisoned dart.
Your skin crawls.
You feel strong-willed. Dowan gestures at you while chanting.
The shard of ice misses you. Dowan hits you with a +0 dagger.
You hit Dowan.
Dowan is lightly wounded.
Dowan closely misses you. Dowan hits you but does no damage.
You miss Dowan.
Dowan is lightly wounded.
Dowan gestures at you while chanting. The stone arrow hits you!
* * * LOW HITPOINT WARNING * * *
Dowan hits you but does no damage.
You hit Dowan.
Dowan is moderately wounded.
Dowan casts a spell at you. The stone arrow misses you.
Dowan hits you but does no damage.
You closely miss Dowan.
Dowan is moderately wounded.
Dowan hits you but does no damage. Dowan gestures at you while chanting.
The shard of ice hits you!!
You die...

#...ee.##...#
#.#....<...<#
..........### ##.......##
#(......# ....(....#
...#.....# .###$(e..#
#####.......
###@#####........... #)#
#......[......
.########.###............#
......................>...
##........................
#.........................
...................)..#..#
#..................#......
.................###......


You could see Dowan (fast).

Vanquished Creatures
  Duvessa (D:4)
  A phantom (D:3)
  Terence (D:3)
  An iguana (D:4)
  A worm (D:2)
  3 dart slugs
  7 ball pythons
  6 endoplasms
  3 giant cockroaches
  4 goblins
  8 hobgoblins
  3 jackals (D:3)
  2 quokkas
  8 bats
  6 frilled lizards
  6 kobolds
  4 rats
65 creatures vanquished.

Notes
Turn   | Place    | Note
-------+----------+-------------------------------------------
     0 | D:1      | Murumi the Ogre Gladiator began the quest for the Orb.
     0 | D:1      | Reached XP level 1. HP: 22/22 MP: 1/1
   134 | D:1      | Reached skill level 3 in Fighting
   205 | D:1      | Reached XP level 2. HP: 7/31 MP: 2/2
  1256 | D:1      | Found a faded altar of an unknown god.
  1285 | D:1      | Prayed at the altar of an unknown god.
  1285 | D:1      | Became a worshipper of Trog the Wrathful
  1285 | D:1      | Reached * piety under Trog
  1292 | D:1      | Reached XP level 3. HP: 30/38 MP: 3/3
  1718 | D:1      | Reached skill level 4 in Fighting
  1996 | D:1      | Found Ymeomen's Weapon Shop.
  2005 | D:1      | Bought a +0 whip for 30 gold pieces
  2397 | D:2      | Reached skill level 1 in Armour
  2438 | D:2      | Reached ** piety under Trog
  3103 | D:3      | Reached XP level 4. HP: 48/48 MP: 4/4
  3431 | D:3      | Reached skill level 1 in Stealth
  3762 | D:3      | Noticed Terence
  3772 | D:3      | Killed Terence
  3861 | D:3      | Noticed a phantom
  3876 | D:3      | Killed a phantom
  3877 | D:3      | Reached skill level 5 in Fighting
  3877 | D:3      | Reached XP level 5. HP: 51/57 MP: 5/5
  4484 | D:4      | Noticed Duvessa
  4484 | D:4      | Noticed Dowan
  4604 | D:4      | Killed Duvessa
  4605 | D:4      | Reached skill level 6 in Fighting
  4605 | D:4      | Reached XP level 6. HP: 43/67 MP: 6/6
  4613 | D:4      | Killed from afar by Dowan

Illustrated notes

Levels and vault maps discovered:
D:1:      giann_wishing_wells, layout_basic, serial_shops, shop_fountains,
          hellmonk_ecumenical_altar_crossroads
D:2:      layout_loops_cross
D:3:      layout_basic, uniq_terence
D:4:      layout_rooms, mainiacjoe_overflow_alcove_4,
          minmay_temple_entry_mini_moons, uniq_duvessa

Skill      XL: |  1  2  3  4  5 |
---------------+----------------+-----
Fighting       | 3 4 5 6 |  6.2
Maces & Flails | 3 |  3.0
Dodging        | 3 |  3.0
Armour         | 1 |  1.0
Stealth        | 1 |  1.0
Throwing       | 3 4 |  4.0

Action                   |  1- 3 |  4- 6 || total
-------------------------+-------+-------++-------
Melee: Flail             |    78 |       ||    78
       Whip              |    68 |    63 ||   131
       Punch             |       |     3 ||     3
Throw: Stone             |    83 |    22 ||   105
       Dart              |       |     8 ||     8
       Large rock        |       |     1 ||     1
Invok: Berserk           |       |     2 ||     2
       Trog's Hand       |       |     1 ||     1
  Use: Scroll            |     5 |     4 ||     9
 Stab: Sleeping          |     5 |     2 ||     7
Armor: Robe              |    41 |    12 ||    53
Dodge: Dodged            |    69 |    19 ||    88

Table legend: (Time is in decaauts)
 A = Elapsed time spent in this place.
 B = Non-inter-level travel time spent in this place.
 C = Inter-level travel time spent in this place.
 D = Time resting spent in this place.
 E = Time spent auto-exploring this place.
 F = Levels seen in this place.
 G = Mean time per level.
                   A        B        C        D        E       F      G
               +--------+--------+--------+--------+--------+-----+--------+
         Total |   4634 |   4398 |    236 |     43 |   3765 |   4 | 1158.5 |
       Dungeon |   4634 |   4398 |    236 |     43 |   3765 |   4 | 1158.5 |
               +--------+--------+--------+--------+--------+-----+--------+

Top non-repeatable levels by time:
     D:1: 2209 daAuts
     D:3: 1399 daAuts
     D:2: 934 daAuts
     D:4: 90 daAuts
